 Dungeon Crawl Stone Soup version 0.30.1-11-g7821555f0a (webtiles) character file.

Game seed: 7572210680369056572

724 monsoonserge the Magician (level 8, -17/52 HPs)
             Began as a Djinni Venom Mage on Dec 3, 2023.
             Demolished by an ogre
             ... wielding a +0 giant club
              (21 damage)
             ... on level 5 of the Dungeon.
             The game lasted 00:15:28 (3702 turns).

monsoonserge the Magician (Djinni Venom Mage)       Turns: 3702, Time: 00:15:28

Health: -17/52     AC:  4    Str:  7    XL:     8   Next: 2%
Gold:   255        EV: 12    Int: 25    God:
                   SH:  0    Dex: 14

rFire   + + .        g - +2 short sword (antimagic)
rCold   x . .        (no shield)
rNeg    . . .        u - +0 leather armour
rPois   ∞            (no helmet)
rElec   .            (no cloak)
rCorr   +            d - +0 pair of gloves
SInv    .            (boots unavailable)
Will    .....        (no amulet)
Stlth   ++           r - +6 ring of intelligence
HPRegen 0.28/turn    y - ring of resist corrosion
MPRegen 0.00/turn

%: infuse magic (-18 HP)
@: flying
A: sickness immunity, fire resistance 2, cold vulnerability 1, float, innate
caster, HP casting, extra vitality 1
a: no special abilities


You were on level 5 of the Dungeon.
You visited 2 branches of the dungeon, and saw 6 of its levels.
You also visited: Sewer.

You collected 320 gold pieces.
You spent 65 gold pieces at shops.

Inventory:

Hand Weapons
 g - a +2 antimagic short sword (weapon)
 z - a +1 vampiric dagger
 A - a +1 short sword of venom
 C - a +1 dagger of holy wrath
Missiles
 c - 5 silver javelins
 j - 5 boomerangs (quivered)
Armour
 a - an orb of wrath
 d - a +0 pair of gloves (worn)
 u - a +0 leather armour (worn)
Jewellery
 r - a +6 ring of intelligence (left hand)
 y - a ring of resist corrosion (right hand)
Wands
 G - a wand of flame (38)
Scrolls
 e - 2 scrolls of vulnerability {unknown}
 f - a scroll of silence {unknown}
 h - 2 scrolls of amnesia {unknown}
 i - 2 scrolls of blinking {unknown}
 k - 3 scrolls of teleportation {unknown}
 l - 3 scrolls of identify {unknown}
 m - a scroll of fog {unknown}
 n - a scroll of enchant armour {unknown}
 q - 2 scrolls of noise {unknown}
 v - 2 scrolls of fear {unknown}
Potions
 b - 3 potions of flight {unknown}
 o - 2 potions of ambrosia {unknown}
 p - 2 potions of cancellation {unknown}
 s - a potion of attraction {unknown}
 t - a potion of degeneration {unknown}
 w - 4 potions of heal wounds
 x - 3 potions of mutation {unknown}
 B - a potion of experience {unknown}
 D - 2 potions of magic {unknown}
 E - a potion of haste {unknown}
 F - a potion of curing {unknown}
 H - a potion of berserk rage {unknown}
 I - a potion of might {unknown}


   Skills:
 + Level 1.5 Fighting
 + Level 1.3 Short Blades
 * Level 2.5 Armour
 + Level 2.8 Dodging
 + Level 2.1 Stealth
 * Level 5.7 Spellcasting


You knew the following spells:

 Your Spells              Type           Power      Damage    Failure   Level
a - Sting                 Tmut/Pois      100%       1d8       1%          1
b - Poisonous Vapours     Pois/Air       72%        N/A       1%          2
c - Mephitic Cloud        Conj/Pois/Air  36%        N/A       3%          3
d - Olgreb's Toxic Radia  Pois           36%        N/A       11%         4
e - Shock                 Conj/Air       100%       1d9       1%          1
f - Momentum Strike       Conj/Tloc      72%        3d10      1%          2
g - Ensorcelled Hibernat  Hex/Ice        72%        N/A       1%          2
Your spell library was empty.

Dungeon Overview and Level Annotations

Branches:
Dungeon (5/15)             Temple (1/1) D:4           Sewer (visited)

Altars:
Cheibriados
Dithmenos
Elyvilon
Gozag
Hepliaklqana
Makhleb
Nemelex Xobeh
Okawaru
Qazlal
Trog
Uskayaw
Yredelemnul
Zin
The Shining One

Shops:
D:2 (!(   D:4 (


Innate Abilities, Weirdness & Mutations

You are immune to sickness and miasma.
You are immune to poison.
Your flesh is very heat resistant. (rF++)
You are vulnerable to cold. (rC-)
You float through the air rather than walking.
You learn spells naturally, not from books.
Your magical power is your life essence.
You have superior vitality. (+4 MHP)


Message History

You hit the black bear.
The black bear is almost dead.
The ogre looks more healthy.
The ogre is engulfed in noxious fumes.
The ogre appears confused.
You hit the black bear.
The black bear is almost dead.
You hit the black bear.
You kill the black bear!
The ogre barely misses you.
An iguana comes into view.
You have reached level 8!
You feel clever.
The iguana hisses angrily.
You hit the ogre.
The ogre is heavily wounded.
An iguana comes into view.
You hit the ogre.
The ogre is severely wounded.
The ogre hits you with a +0 giant club!
You catch the helpless ogre completely off-guard!
You hit the ogre.
The ogre is almost dead.
The ogre hits you with a +0 giant club!
* * * LOW HITPOINT WARNING * * *
Unknown command.
Casting: Shock (safe; 1% risk of failure)
Confirm with . or Enter, or press ? or * to list all spells.
Aiming: Ensorcelled Hibernation (safe; 1% risk of failure)
Press: ? - help, Shift-Dir - straight line, f - iguana, p - ogre
Aim: an iguana (chance to affect: 72%)
The iguana looks drowsy...
* * * LOW HITPOINT WARNING * * *
The helpless iguana fails to defend itself.
You hit the iguana.
The iguana is lightly wounded.
The ogre seems less confused.
The iguana bites you but does no damage.
The ogre attacks as you move away!
The ogre hits you with a +0 giant club!!
You die...

## .. .<## #
. .. ...##.##
#. .#........
#.###.#......
#.#....##.#
#.)...#.#
#.l....#
#.O...#.#
##@l..# .#
##.#.# . ###
#.#.# #..
..#.##
#.#####..#
#.# ##.# #.#
#.# #.# ##.#
#<# ##..#


You could see an ogre and 2 iguanas.

Vanquished Creatures
  A black bear (D:5)
  An ogre (D:5)
  A kobold brigand (Sewer)
  2 scorpions
  A jelly (D:5)
  An orc priest (D:3)
  3 hounds
  3 gnolls (D:2)
  7 adders
  A river rat (D:4)
  A white imp (D:4)
  A worm (D:3)
  2 dart slugs (D:3)
  6 orcs
  10 bats
  9 endoplasms
  4 giant cockroaches
  6 goblins
  9 hobgoblins
  A jackal (D:3)
  5 quokkas
  7 ball pythons
  7 frilled lizards
  18 kobolds
  9 rats
116 creatures vanquished.

Notes
Turn   | Place    | Note
-------+----------+-------------------------------------------
     0 | D:1      | monsoonserge the Djinni Venom Mage began the quest for the
                  | Orb.
     0 | D:1      | monsoonserge set off with the following spells memorised:
                  | Sting, Poisonous Vapours, Mephitic Cloud, Olgreb's Toxic
                  | Radiance.
     0 | D:1      | Reached XP level 1. HP: 15/15 MP: 0/0
   201 | D:1      | Reached XP level 2. HP: 15/22 MP: 0/0
   548 | D:1      | Reached skill level 3 in Spellcasting
   753 | D:2      | You are sucked into a shaft and drop 1 floor!
   775 | D:3      | Reached XP level 3. HP: 24/26 MP: 0/0
   775 | D:3      | Learned a level 1 spell: Shock
   977 | D:3      | Found a snail-covered altar of Cheibriados.
   982 | D:3      | Found a bloodstained altar of Trog.
   983 | D:3      | Found a hide-covered altar of Uskayaw.
   988 | D:3      | Found a sparkling altar of Nemelex Xobeh.
  1079 | D:3      | Found a faded altar of an unknown god.
  1175 | D:2      | Reached XP level 4. HP: 20/31 MP: 0/0
  1465 | D:2      | Found Retyc's Distillery.
  1479 | D:2      | Reached XP level 5. HP: 26/36 MP: 0/0
  1479 | D:2      | Learned a level 2 spell: Momentum Strike
  1480 | D:2      | Bought a potion of heal wounds for 65 gold pieces
  1577 | D:2      | Found Boofri's Weapon Emporium.
  1908 | D:2      | Found Sorownevi's Weapon Emporium.
  1928 | D:2      | Found Ceodid's Weapon Emporium.
  2019 | D:3      | Reached skill level 4 in Spellcasting
  2124 | D:3      | Identified the +4 whip of the Hawk {venom, rPois}
  2269 | D:3      | Reached skill level 1 in Armour
  2655 | D:4      | Found a glowing drain.
  2673 | D:4      | Reached XP level 6. HP: 39/41 MP: 0/0
  2681 | Sewer    | Entered a sewer
  2869 | Sewer    | Reached skill level 1 in Fighting
  3064 | D:4      | Reached skill level 1 in Short Blades
  3064 | D:4      | Reached XP level 7. HP: 32/47 MP: 0/0
  3064 | D:4      | Learned a level 2 spell: Ensorcelled Hibernation
  3133 | D:4      | Found Womovvuc's Weapon Shop.
  3222 | D:4      | Found a staircase to the Ecumenical Temple.
  3233 | Temple   | Entered the Ecumenical Temple
  3459 | D:4      | Reached skill level 5 in Spellcasting
  3646 | D:5      | Entered Level 5 of the Dungeon
  3694 | D:5      | Reached XP level 8. HP: 30/52 MP: 0/0
  3702 | D:5      | Demolished by an ogre

Illustrated notes

Levels and vault maps discovered:
D:1:      dpeg_arrival_chambers_temple_mockup, layout_rooms,
          minmay_misc_feat_hallway
D:2:      layout_basic, serial_shops, nicolae_shop_rolling_square, shop,
          nicolae_shop_industrial_runoff, nicolae_shop_real_fake_doors
D:3:      layout_basic, minitemple, nicolae_ecumenical_pavilion, st_stairs_5,
          kennysheep_orc_chapel
D:4:      layout_gridville, minmay_temple_entry_fiery, portal_sewer_entry_c,
          serial_shops, nicolae_shop_tiny_waterfront, serial_bayou_crossing
D:5:      layout_loops_ring, mainiacjoe_overflow_concentric_impassable
Temple:   minmay_freezing_vapour_temple

Skill      XL: |  1  2  3  4  5  6  7 |
---------------+----------------------+-----
Spellcasting   | 3 4 5 |  5.7
Armour         | 1 2 |  2.5
Fighting       | 1 |  1.5
Short Blades   | 1 |  1.3
Stealth        | 2 |  2.1
Dodging        | |  2.8

Action                     |  1- 3 |  4- 6 |  7- 9 || total
---------------------------+-------+-------+-------++-------
  Melee: Unarmed           |     5 |       |       ||     5
         Short sword       |     8 |    31 |    18 ||    57
         Dagger            |       |    32 |       ||    32
         Punch             |       |     1 |       ||     1
   Cast: Sting             |    45 |    54 |    10 ||   109
         Poisonous Vapours |     8 |     9 |     2 ||    19
         Shock             |    18 |    14 |     7 ||    39
         Olgreb's Toxic Ra |       |     8 |     1 ||     9
         Mephitic Cloud    |       |     4 |     1 ||     5
         Ensorcelled Hiber |       |       |     1 ||     1
   Stab: Sleeping          |     1 |     4 |     1 ||     6
         Confused          |       |       |     1 ||     1
 Armour: Robe              |    11 |       |       ||    11
         Leather armour    |       |    20 |     5 ||    25
  Dodge: Dodged            |    33 |    38 |    19 ||    90
